 Dungeon Crawl Stone Soup version 0.14.1-18-g0856e53 (webtiles) character file.

340 Konstanin the Magician (level 5, -9/38 HPs)
             Began as a Demigod Wizard on June 3, 2014.
             Killed by divine providence
             ... invoked by an orc priest
              (14 damage)
             ... on Level 4 of the Dungeon.
             The game lasted 01:37:52 (5315 turns).

Konstanin the Magician (Demigod Wizard)             Turns: 5315, Time: 01:38:22

HP  -9/38        AC  4     Str 10      XL: 5   Next: 10%
MP   1/14        EV 11     Int 24      God:
Gold 161         SH  0     Dex 15      Spells:  6 memorised,  1 level left

rFire  x . .     SeeInvis .     G - staff of conjuration
rCold  + . .     Clarity  +     C - +0 leather armour
rNeg   . . .     Conserve .     (no shield)
rPois  .         rCorr    .     b - +0 hat
rElec  .         rRot     .     h - +0 cloak
SustAb . .       Spirit   .     (no gloves)
rMut   .         Warding  .     (no boots)
Saprov . . .     Stasis   .     n - amulet of clarity {unknown}
MR     .....                    t - ring of ice
                                H - ring of invisibility

@: very slightly contaminated, slowed, very slow, not resistant to hostile
enchantments, fairly stealthy
A: no striking features
a: Evoke Invisibility


You were on level 4 of the Dungeon.
You were hungry.

You visited 1 branch of the dungeon, and saw 4 of its levels.

You collected 161 gold pieces.

Inventory:

Hand weapons
 r - a +1,+1 flail of crushing
Missiles
 f - 5 poisoned darts
 D - 8 tomahawks (quivered)
Armour
 b - a +0 hat (worn)
 h - a +0 cloak (worn)
 C - a +0 leather armour (worn)
Magical devices
 e - a wand of confusion (14)
Comestibles
 d - 5 bread rations
 A - a pear
 F - a meat ration
 I - a rotting chunk of bat flesh
 K - 2 chunks of jackal flesh
Scrolls
 j - 2 scrolls of random uselessness {unknown}
 k - a scroll of immolation {unknown}
 l - a scroll of enchant weapon I {unknown}
 m - a scroll of identify {unknown}
 q - a scroll of fear {unknown}
 s - 4 scrolls of remove curse
 x - a scroll of enchant armour {unknown}
 y - a scroll of amnesia {unknown}
 J - a scroll of fog {unknown}
Jewellery
 n - an amulet of clarity (around neck) {unknown}
 t - a ring of ice (right hand)
 B - a +3 ring of strength
 H - a ring of invisibility (left hand)
Potions
 a - a potion of decay {unknown}
 g - a potion of might {unknown}
 i - a potion of flight
 z - a potion of confusion {unknown}
Books
 c - a book of Minor Magic

   Spells                             Type                      Level
   *Magic Dart                        Conjuration                  1
   *Blink                             Translocation                2
   *Call Imp                          Summoning                    2
   Repel Missiles                     Charms/Air                   2
   *Slow                              Hexes                        2
   Conjure Flame                      Conjuration/Fire             3
   Mephitic Cloud                     Conjuration/Poison/Air       3
 o - Sif Muna's Collected Works on Calling
   (You found it on level 2 of the Dungeon)

   Spells                             Type                      Level
   *Summon Small Mammal               Summoning                    1
 u - Vehumet's Almanac of Combat Magic
   (You found it on level 2 of the Dungeon)

   Spells                             Type                      Level
   *Magic Dart                        Conjuration                  1
 v - Kikubaaqudgha's Handbook of Sinister Rituals
   (You found it on level 2 of the Dungeon)

   Spells                             Type                      Level
   *Pain                              Necromancy                   1
Magical staves
 G - an uncursed staff of conjuration (weapon)


   Skills:
 + Level 2.3 Dodging
 + Level 2.0 Stealth
 * Level 3.3 Spellcasting
 * Level 2.2 Conjurations
 * Level 1.7 Hexes
 * Level 1.6 Summonings
 * Level 0.1 Necromancy
 * Level 1.6 Translocations


You had one spell level left.
You knew the following spells:

 Your Spells              Type           Power        Failure   Level  Hunger
a - Magic Dart            Conj           ###.         4%          1    None
b - Call Imp              Summ           ##......     10%         2    #......
c - Blink                 Tloc           N/A          10%         2    #......
d - Slow                  Hex            ##......     10%         2    #......
e - Summon Small Mammal   Summ           ##..         6%          1    None
f - Pain                  Necr           #...         12%         1    None


Dungeon Overview and Level Annotations

Branches:
Dungeon (4/15)
 Temple: D:4-7


Message History

As you read the scroll of blinking, it crumbles to dust.
The magic dart hits your crimson imp.
Your crimson imp barely misses something.
The orc wizard points at you and mumbles some strange words.
Your crimson imp seems to slow down.
Your crimson imp easily resists.
Drink which item? (? for menu, Esc to quit)
You feel better.
Your bat closely misses the orc priest.
Your bat hits something but does no damage.
Your bat barely misses the orc wizard.
The orc wizard mumbles some strange words.
The orc wizard blinks!
The orc priest's eyes start to glow.
Your bat hits something but does no damage.
Something closely misses your bat.
The orc wizard gestures at you while chanting.
The magic dart hits you!
* * * LOW HITPOINT WARNING * * *
The orc priest calls down the wrath of Beogh upon you.
Something smites you!
You die...

#.# #..#....# #.#
...#..#ob..# #.#
#...#..#(ยง..# ##.#
#...#..#5...# ...#
#...##'#....# ...#
#.......o...#
...########...........#
......................#
................@.....#
##########............#
# #............# #
#............# #
#.##########.# # #.# .#
##########.#
...........#
...........#


You could see an orc priest, an orc wizard, a friendly crimson imp (confused)
and a friendly bat.

Vanquished Creatures
  An orc zombie (D:4)
  4 giant geckos
  An orc (D:4)
  8 bats
  5 giant cockroaches
  6 hobgoblins
  3 jackals (D:4)
  2 ball pythons
  5 giant newts
  8 goblins
  7 kobolds
  13 rats
63 creatures vanquished.

Vanquished Creatures (collateral kills)
  An orc priest (D:4)
  A hound (D:4)
  A worker ant (D:4)
  4 adders
  4 gnolls (D:3)
  2 giant geckos (D:1)
  7 orcs
  A bat (D:1)
  A giant cockroach (D:1)
  A hobgoblin (D:4)
  6 jackals
  A giant newt (D:2)
  7 kobolds (D:1)
  A rat (D:1)
38 creatures vanquished.

Vanquished Creatures (others)
  A shadow imp (D:1)
  3 bats (D:4)
  A quokka (D:4)
  4 rats
9 creatures vanquished.

Grand Total: 110 creatures vanquished

Notes
Turn   | Place    | Note
--------------------------------------------------------------
     0 | D:1      | Konstanin, the Demigod Wizard, began the quest for the Orb.
     0 | D:1      | Reached XP level 1. HP: 14/14 MP: 4/4
     5 | D:1      | Noticed an elephant
    12 | D:1      | Noticed an eight-headed hydra
    72 | D:1      | Reached skill level 1 in Conjurations
   440 | D:1      | Reached skill level 3 in Spellcasting
   440 | D:1      | Reached XP level 2. HP: 20/20 MP: 2/7
   444 | D:1      | Learned a level 2 spell: Call Imp
   447 | D:1      | Learned a level 2 spell: Blink
   450 | D:1      | Learned a level 2 spell: Slow
   668 | D:1      | Reached skill level 1 in Summonings
   980 | D:1      | Reached skill level 1 in Translocations
  1927 | D:2      | Reached XP level 3. HP: 26/26 MP: 3/9
  2101 | D:2      | Found a deep blue altar of Sif Muna.
  2105 | D:2      | Identified Sif Muna's Collected Works on Calling
  2110 | D:2      | Learned a level 1 spell: Summon Small Mammal
  2113 | D:2      | Found a radiant altar of Vehumet.
  2117 | D:2      | Identified Vehumet's Almanac of Combat Magic
  2121 | D:2      | Found an ancient bone altar of Kikubaaqudgha.
  2125 | D:2      | Identified Kikubaaqudgha's Handbook of Sinister Rituals
  3392 | D:3      | Found a white marble altar of Elyvilon.
  3741 | D:3      | Reached skill level 1 in Hexes
  3817 | D:3      | Reached XP level 4. HP: 17/33 MP: 1/12
  4134 | D:3      | Learned a level 1 spell: Pain
  5163 | D:4      | Reached XP level 5. HP: 38/38 MP: 7/14
  5315 | D:4      | Killed from afar by an orc priest

Action                   |  1- 3 |  4- 6 || total
-------------------------+-------+-------++-------
Melee: Dagger            |    14 |       ||    14
       Short sword       |    11 |       ||    11
       Staff             |       |     1 ||     1
Throw: Tomahawk          |     2 |     1 ||     3
       Dart              |       |     1 ||     1
 Cast: Magic Dart        |    83 |    34 ||   117
       Call Imp          |    30 |    13 ||    43
       Slow              |     4 |       ||     4
       Blink             |     2 |     1 ||     3
       Summon Small Mamm |     3 |    17 ||    20
       Pain              |       |     1 ||     1
Evoke: Wand              |     1 |     5 ||     6
  Use: Scroll            |     3 |     2 ||     5
       Potion            |     3 |     5 ||     8
